AoeStats
← Isaiahtoth43

MegaRandom

507638003Analyzed
2v2 RM · 12d ago on Sep 19, 2026· 84m 7s· 4 players
Game mode
Random Map
Map size
Medium (4 player)
Population
200
Speed
Normal
Resources
Standard
Victory
Conquest
Starting age
Dark Age
Ending age
Imperial Age
RankedLock teamsTeams togetherTeam positionsShared explorationLock speedFull tech treeHidden civsTurbo modeCheats
Victory
Defeat
🇺🇸 Koreans · United States
697
+9
🇺🇸 Celts · United States
681
+9
🇨🇳 Teutons · China
555
-10
🇲🇽 Khmer · Mexico
503
-8
Porowy
1:38 Loom
10:29 Feudal Age
11:45 Wheelbarrow
11:24 Double-Bit Axe
14:17 Town Watch
21:48 Scale Barding Armor
21:50 Horse Collar
23:29 Forging
28:32 Castle Age
27:13 Fletching
27:26 Padded Archer Armor
27:42 Gold Mining
29:14 Crossbowman
30:29 Heavy Plow
30:35 Light Cavalry
527552271
12:25 Feudal Age
13:58 Wheelbarrow
13:29 Double-Bit Axe
13:40 Horse Collar
14:37 Wheelbarrow
15:49 Loom
19:43 Wheelbarrow
23:35 Castle Age
21:56 Man-at-Arms
24:45 Stone Mining
24:47 Gold Mining
25:45 Bow Saw
25:40 Heavy Plow
30:42 Stone Shaft Mining
35:28 Hand Cart
36:58 Scale Mail Armor
39:20 Chain Mail Armor
43:27 Imperial Age
43:38 Elite Teutonic Knight
46:11 Conscription
47:46 Chemistry
47:57 Plate Mail Armor
59:24 Cavalier
60:14 Bloodlines
66:45 Paladin
67:35 Scale Barding Armor
67:41 Forging
70:00 Chain Barding Armor
71:38 Plate Barding Armor
71:40 Iron Casting
BingBongBoi
5:57 Loom
11:14 Feudal Age
12:41 Wheelbarrow
12:50 Double-Bit Axe
12:57 Horse Collar
17:33 Town Watch
18:04 Stone Mining
18:04 Gold Mining
20:08 Fletching
30:30 Castle Age
31:10 Bodkin Arrow
31:22 Crossbowman
33:08 Hand Cart
34:33 Thumb Ring
37:10 Bow Saw
38:15 Gold Shaft Mining
38:15 Stone Shaft Mining
43:05 Town Patrol
42:36 Man-at-Arms
43:05 Gambesons
43:24 Squires
43:46 Long Swordsman
44:15 Arson
45:39 Pikeman
49:24 Imperial Age
47:20 Ballistics
46:41 Treadmill Crane
47:16 Masonry
50:11 Bracer
50:35 Two-Handed Swordsman
51:27 Champion
58:09 Forging
58:01 Scale Mail Armor
62:25 Caravan
62:16 Capped Ram
63:11 Elite Fire Lancer
64:58 Chemistry
66:31 Iron Casting
66:11 Chain Mail Armor
67:41 Two-Man Saw
66:42 Heated Shot
67:26 Architecture
67:12 Siege Engineers
70:12 Coinage
73:16 Halberdier
76:40 Plate Mail Armor
76:18 Scale Barding Armor
Isaiahtoth43
4:24 Loom
14:43 Feudal Age
16:10 Wheelbarrow
15:21 Horse Collar
15:45 Double-Bit Axe
16:42 Fishing Lines
16:55 Man-at-Arms
19:20 Gold Mining
19:59 Arson
21:19 Stone Mining
26:26 Forging
26:17 Scale Mail Armor
32:04 Castle Age
33:11 Long Swordsman
33:12 Pikeman
34:34 Gold Shaft Mining
34:35 Stone Shaft Mining
34:57 Heavy Plow
35:12 Bow Saw
36:59 Gambesons
38:00 Hand Cart
59:04 Sanctity
67:43 Masonry
67:16 Treadmill Crane
67:27 Heated Shot
75:49 Imperial Age
73:05 Town Watch
82:59 Two-Handed Swordsman
Connection lost

Rejoining the realm…

Still unreachable

The connection could not be restored.

Session expired

The server has moved on; the page needs a fresh start.